AoeStats
← NuMa | Gacha

Fortress

507590401Analyzed
2v2 RM · 15d ago on Sep 18, 2026· 38m 48s· 4 players
Game mode
Random Map
Map size
Normal (6 player)
Population
200
Speed
Normal
Resources
Standard
Victory
Conquest
Starting age
Dark Age
Ending age
Imperial Age
RankedLock teamsTeams togetherTeam positionsShared explorationLock speedFull tech treeHidden civsTurbo modeCheats
Victory
Defeat
🇨🇱 Vikings · Chile
1176
+12
🇨🇱 Italians · Chile
1141
+14
🇨🇷 Portuguese · Costa Rica
1099
-13
🇨🇴 Persians · Colombia
1093
-13
rafael9530
6:05 Feudal Age
7:35 Wheelbarrow
14:41 Castle Age
19:20 Imperial Age
27:53 Forging
27:49 Scale Barding Armor
27:13 Light Cavalry
28:04 Bloodlines
29:01 Iron Casting
29:30 Chain Barding Armor
28:55 Cavalier
29:36 Husbandry
32:16 Blast Furnace
32:55 Plate Barding Armor
NuMa | Gacha
8:02 Feudal Age
8:21 Loom
12:12 Castle Age
10:05 Double-Bit Axe
11:05 Gold Mining
13:34 Bow Saw
17:06 Wheelbarrow
17:16 Town Watch
19:34 Bloodlines
20:50 Fletching
20:46 Elite Skirmisher
23:28 Hand Cart
23:13 Bodkin Arrow
24:44 Padded Archer Armor
24:25 Crossbowman
25:55 Thumb Ring
26:48 Leather Archer Armor
28:25 Ballistics
28:48 Town Patrol
31:48 Imperial Age
30:28 Kamandaran
32:27 Conscription
33:48 Two-Man Saw
32:29 Heavy Cavalry Archer
33:35 Parthian Tactics
Definitive Infusion
6:40 Feudal Age
7:11 Double-Bit Axe
7:07 Horse Collar
14:03 Castle Age
11:56 Gold Mining
12:35 Fletching
17:24 Imperial Age
15:33 Bow Saw
17:21 Heavy Plow
19:05 Chemistry
18:09 Bodkin Arrow
22:04 Two-Man Saw
22:48 Bracer
24:14 Conscription
25:51 Padded Archer Armor
26:12 Ballistics
27:32 Wheelbarrow
27:30 Leather Archer Armor
27:53 Crop Rotation
29:05 Ring Archer Armor
29:29 Thumb Ring
32:16 Hand Cart
Lockepu
8:37 Feudal Age
9:02 Horse Collar
9:08 Double-Bit Axe
9:42 Gold Mining
15:12 Castle Age
14:53 Stone Mining
16:58 Squires
16:45 Arson
17:14 Forging
17:04 Scale Mail Armor
16:53 Loom
18:18 Heavy Plow
18:58 Town Watch
22:30 Gold Shaft Mining
22:01 Gambesons
24:09 Iron Casting
23:49 Chain Mail Armor
23:55 Gambesons
25:00 Pikeman
28:55 Imperial Age
27:30 Town Patrol
27:24 Fletching
27:35 Padded Archer Armor
28:04 Chieftains
29:41 Capped Ram
32:00 Blast Furnace
31:30 Plate Mail Armor
30:57 Bodkin Arrow
32:03 Crop Rotation
31:29 Crossbowman
32:40 Elite Berserk
33:41 Conscription
33:42 Arbalester
34:49 Siege Ram
35:44 Bracer
37:37 Chemistry
37:48 Bogsveigar
38:46 Siege Engineers
Connection lost

Rejoining the realm…

Still unreachable

The connection could not be restored.

Session expired

The server has moved on; the page needs a fresh start.